 Dungeon Crawl Stone Soup version 0.30.1-11-g7821555f0a (webtiles) character file.

Game seed: 1424644026775614312

7126 lonewolfV2 the Nimble (level 10, -4/94 HPs)
             Began as a Minotaur Fighter on Nov 8, 2023.
             Was a Priest of Qazlal.
             Slain by a large slime creature (15 damage)
             ... while petrified by a basilisk
             ... on level 9 of the Dungeon on Nov 9, 2023.
             The game lasted 00:15:04 (7478 turns).

lonewolfV2 the Nimble (Minotaur Fighter)            Turns: 7478, Time: 00:15:04

Health: -4/94      AC: 17    Str: 26    XL:     10   Next: 85%
Magic:  14/14      EV:  2    Int:  2    God:    Qazlal [***...]
Gold:   460        SH:  0    Dex: 23    Spells: 9/9 levels left

rFire   . . .        a - +0 war axe (elec)
rCold   . . .        D - +0 kite shield
rNeg    + + +        C - +0 plate armour rPois āˆž
                     j - +2 hat of Light {Dex+5}
rElec   .            (no cloak)
rCorr   .            G - +0 pair of gloves
SInv    .            k - +1 pair of boots {Fly}
Will    .....        x - amulet of reflection Stlth
                     q - +5 ring of evasion
HPRegen 0.35/turn    g - +5 ring of evasion
MPRegen 0.14/turn

%: reflection
@: mighty, petrified, flying
A: horns 2, retaliatory headbutt, agile 2, strong 1
a: Renounce Religion, Upheaval, Elemental Force


You were on level 9 of the Dungeon.
You worshipped Qazlal.
Qazlal was most pleased with you.
You visited 2 branches of the dungeon, and saw 10 of its levels.
You also visited: Ossuary.

You collected 460 gold pieces.

Inventory:

Hand Weapons
 a - a +0 war axe of electrocution (weapon)
Missiles
 s - a throwing net (quivered)
Armour
 b - a +0 scale mail
 c - a +0 buckler
 j - the +2 hat of Light (worn) {Dex+5}
   (You acquired it on level 2 of the Dungeon)

   Dex:       It affects your dexterity (+5).
 k - a +1 pair of boots of flying (worn)
 C - a +0 plate armour (worn)
 D - a +0 kite shield (worn)
 G - a +0 pair of gloves (worn)
Jewellery
 g - a +5 ring of evasion (right hand)
 q - a +5 ring of evasion (left hand)
 t - a ring of see invisible
 u - an amulet of faith
 x - an amulet of reflection (around neck)
Wands
 v - a wand of flame (26)
 B - a wand of iceblast (11)
 E - a wand of paralysis (13)
Scrolls
 y - 3 scrolls of blinking
 z - 7 scrolls of teleportation
 A - 4 scrolls of poison
Potions
 d - 3 potions of might
 e - 4 potions of magic
 f - 3 potions of brilliance
 h - a potion of mutation
 i - a potion of heal wounds
 l - a potion of lignification
 m - 2 potions of invisibility
 n - 2 potions of attraction
 o - 4 potions of flight
 p - 6 potions of degeneration
 r - 3 potions of curing {unknown}
 w - 2 potions of ambrosia
 H - a potion of cancellation {unknown}


   Skills:
 + Level 10.7 Fighting
 - Level 2.4 Axes
 - Level 5.3 Armour
 * Level 12.8 Dodging
 - Level 3.6 Shields
 + Level 7.6 Invocations


You had 9 spell levels left.
You didn't know any spells.
Your spell library contained the following spells:

 Spells                   Type           Power      Damage    Failure   Level
 Shock                    Conj/Air       0%         1d3       100%        1
 Summon Small Mammal      Summ           0%         N/A       100%        1
 Call Canine Familiar     Summ           0%         N/A       100%        3
 Summon Guardian Golem    Hex/Summ       0%         N/A       100%        3
 Swiftness                Air            0%         N/A       100%        3
 Airstrike                Air            0%         2d(0-16)  100%        4


Dungeon Overview and Level Annotations

Branches:
Dungeon (9/15)             Temple (1/1) D:4            Lair (0/5) D:8
Ossuary (visited)
    Orc: D:9-12

Altars:
Ashenzari
Cheibriados
Dithmenos
Elyvilon
Fedhas
Gozag
Kikubaaqudgha
Makhleb
Nemelex Xobeh
Qazlal
Ru
Sif Muna
Trog
Uskayaw
Vehumet
Wu Jian
Xom
Yredelemnul
Zin
The Shining One

Shops:
D:6 [

Annotations:
D:8 3 runed translucent doors, Jaukkuri's ghost, novice DEAr


Innate Abilities, Weirdness & Mutations

You have a pair of horns on your head.
You reflexively headbutt those who attack you in melee.
You are very agile. (Dex +8, Str/Int -2)
Your muscles are strong. (Str +4, Int/Dex -1)


Message History

The large slime creature hits you but does no damage.
You block the basilisk's attack. The fire elemental barely misses you.
You furiously retaliate!
You headbutt the fire elemental!
You block the large slime creature's attack.
The basilisk gazes at you. You resist with some effort.
Your limbs are stiffening.
You closely miss the basilisk.
The basilisk is moderately wounded.
You hit the fire elemental. You slash the large slime creature!
The basilisk changes into a harpy!
You block the fire elemental's attack. The fire elemental hits you.
The fire elemental burns you! The large slime creature hits you!
The fire elemental completely misses you.
You furiously retaliate!
You headbutt the fire elemental!!
You destroy the fire elemental!
The fire elemental disappears in a puff of smoke!
The deep elf pyromancer mumbles some strange words.
The deep elf pyromancer blinks!
You block the large slime creature's attack.
You have turned to stone.
The harpy claws you. The harpy barely misses you. The fire elemental hits you.
The fire elemental burns you! The large slime creature hits you.
The harpy claws you but does no damage. x2; The fire elemental hits you.
The fire elemental burns you!
The harpy claws you but does no damage. x2
The large slime creature hits you but does no damage.
You hear an angry buzzing noise.
The harpy claws you but does no damage. x2
A vampire mosquito comes into view.
The fire elemental hits you. The fire elemental burns you!
* * * LOW HITPOINT WARNING * * *
The large slime creature hits you!
* * * LOW HITPOINT WARNING * * *
The harpy claws you but does no damage. The harpy claws you.
* * * LOW HITPOINT WARNING * * *
The fire elemental hits you. The fire elemental burns you!
* * * LOW HITPOINT WARNING * * *
The harpy claws you but does no damage. The harpy claws you.
* * * LOW HITPOINT WARNING * * *
The large slime creature hits you!!
You die...

. ..################
......eTJ@HE......
.......u##Eā—‹....##
........##h.....#
........##......#
.......T##)...y...
........##........
...)..............
....#.......##....
...........


You could see a red ugly thing, a large slime creature, a deep elf pyromancer, a
harpy shaped shifter, a troll, a raiju, 2 fire elementals and a vampire
mosquito.

Vanquished Creatures
  A centaur warrior (D:9)
  Pikel (D:7)
  The ghost of KittyFluff the Cudgeller, a novice GrBe of Trog (D:7)
  Psyche (D:8)
  5 yaks
  Menkaure (D:5)
  6 water moccasins
  Duvessa (D:5)
  4 orc warriors (D:8)
  A sky beast (D:8)
  2 ice beasts
  An ogre (D:6)
  3 black bears
  A centaur (D:5)
  3 phantoms
  4 lemures (D:7)
  A kobold brigand (D:7)
  4 scorpions
  A gnoll sergeant (D:9)
  3 bullfrogs (D:8)
  5 water moccasin zombies (Ossuary)
  13 wights
  Dowan (D:5)
  5 jellies
  5 hounds
  5 orc priests
  2 sleepcaps (D:5)
  2 iguanas
  4 orc wizards
  A hound zombie (D:4)
  2 mummies (Ossuary)
  Robin (D:3)
  15 gnolls
  4 adders
  2 shadow imps (D:8)
  2 white imps
  An ufetubus (D:4)
  3 adder zombies
  4 worms
  2 dart slugs
  17 orcs
  9 ball pythons
  4 endoplasms
  A giant cockroach (D:1)
  5 gnoll zombies (Ossuary)
  18 goblins
  11 hobgoblins
  2 jackals (D:2)
  5 quokkas
  7 bats
  5 frilled lizards
  A goblin zombie (D:5)
  7 hobgoblin zombies (Ossuary)
  12 kobolds
  5 kobold zombies (Ossuary)
  3 orc zombies (Ossuary)
  A quokka zombie (D:5)
  5 rats
242 creatures vanquished.

Notes
Turn   | Place    | Note
-------+----------+-------------------------------------------
     0 | D:1      | lonewolfV2 the Minotaur Fighter began the quest for the
                  | Orb.
     0 | D:1      | Reached XP level 1. HP: 19/19 MP: 0/0
   119 | D:1      | Reached skill level 1 in Dodging
   126 | D:1      | Reached XP level 2. HP: 27/27 MP: 1/1
   574 | D:1      | Reached skill level 2 in Dodging
   645 | D:2      | Found a shimmering altar of Xom.
   652 | D:2      | Reached XP level 3. HP: 30/33 MP: 2/2
  1106 | D:2      | Reached XP level 4. HP: 35/40 MP: 3/3
  1414 | D:2      | Identified a scroll of acquirement
  1414 | D:2      | Acquired the +2 hat of Light {Dex+5}
  1821 | D:3      | Found an ornate altar of the Wu Jian Council.
  1909 | D:3      | Reached skill level 3 in Dodging
  1934 | D:3      | Noticed Robin
  1938 | D:3      | Killed Robin
  2185 | D:3      | Reached XP level 5. HP: 35/47 MP: 4/4
  2489 | D:4      | Reached skill level 4 in Dodging
  2493 | D:4      | Reached skill level 5 in Armour
  2498 | D:4      | Noticed a phantom
  2509 | D:4      | Killed a phantom
  2510 | D:4      | Reached skill level 5 in Fighting
  2510 | D:4      | Reached XP level 6. HP: 56/56 MP: 5/5
  2680 | D:4      | Found a staircase to the Ecumenical Temple.
  2718 | Temple   | Entered the Ecumenical Temple
  2847 | Temple   | Became a worshipper of Qazlal Stormbringer
  2929 | D:4      | Found a radiant altar of Vehumet.
  3034 | D:4      | Found a hide-covered altar of Uskayaw.
  3163 | D:4      | Reached skill level 5 in Dodging
  3167 | D:4      | Found a basalt altar of Yredelemnul.
  3304 | D:4      | Found a glowing golden altar of the Shining One.
  3384 | D:4      | Gained mutation: You occasionally lose the ability to read
                  | scrolls when taking damage. [potion of mutation]
  3385 | D:4      | Lost mutation: You occasionally lose the ability to read
                  | scrolls when taking damage. [potion of mutation]
  3385 | D:4      | Gained mutation: You are agile. (Dex +4, Str/Int -1)
                  | [potion of mutation]
  3385 | D:4      | Gained mutation: You are very agile. (Dex +8, Str/Int -2)
                  | [potion of mutation]
  3385 | D:4      | Gained mutation: Your muscles are strong. (Str +4, Int/Dex
                  | -1) [potion of mutation]
  3387 | D:5      | Entered Level 5 of the Dungeon
  3390 | D:5      | Noticed an ice beast
  3399 | D:5      | Killed an ice beast
  3400 | D:5      | Reached skill level 1 in Invocations
  3400 | D:5      | Reached XP level 7. HP: 62/62 MP: 5/7
  3494 | D:5      | Found a sand-covered staircase.
  3511 | Ossuary  | Entered an ossuary
  3564 | Ossuary  | Reached * piety under Qazlal
  3587 | Ossuary  | Reached skill level 6 in Dodging
  3745 | D:5      | Noticed Menkaure
  3749 | D:5      | Killed Menkaure
  3750 | D:5      | Reached skill level 7 in Dodging
  3750 | D:5      | Reached XP level 8. HP: 71/71 MP: 7/9
  3854 | D:5      | Found a broken altar of Ashenzari.
  3932 | D:5      | Found a sparkling altar of Nemelex Xobeh.
  3981 | D:5      | Noticed Dowan
  3985 | D:5      | Noticed Duvessa
  3997 | D:5      | Killed Duvessa
  4007 | D:5      | Reached skill level 8 in Dodging
  4034 | D:5      | Killed Dowan
  4279 | D:5      | Saw a vision of the Swamp and the Spider Nest.
  4279 | D:5      | Noticed a shambling mangrove
  4279 | D:5      | Noticed a spriggan rider
  4279 | D:5      | Noticed a spriggan druid
  4279 | D:5      | Noticed a bunyip
  4279 | D:5      | Noticed a jumping spider
  4279 | D:5      | Noticed a moth of wrath
  4279 | D:5      | Noticed a radroach
  4279 | D:5      | Noticed a torpor snail
  4279 | D:5      | Noticed an entropy weaver
  4279 | D:5      | Noticed a demonic crawler
  4279 | D:5      | Noticed a tarantella
  4279 | D:5      | Noticed a radroach
  4279 | D:5      | Noticed a spriggan rider
  4279 | D:5      | Noticed a moth of wrath
  4280 | D:5      | Noticed a demonic crawler
  4280 | D:5      | Noticed a pharaoh ant
  4280 | D:5      | Noticed a pharaoh ant
  4281 | D:5      | Noticed a tarantella
  4282 | D:5      | Noticed a spriggan druid
  4282 | D:5      | Noticed a steelbarb worm
  4606 | D:6      | Reached skill level 9 in Dodging
  4606 | D:6      | Reached XP level 9. HP: 81/81 MP: 11/11
  4631 | D:6      | Reached skill level 5 in Invocations
  4941 | D:6      | Found Yduim's Antique Armour Shop.
  5093 | D:6      | Reached skill level 10 in Dodging
  5424 | D:6      | Reached ** piety under Qazlal
  5853 | D:7      | Found a runed translucent door.
  5864 | D:7      | Noticed Pikel
  5873 | D:7      | Killed Pikel
  5874 | D:7      | Reached skill level 11 in Dodging
  5874 | D:7      | Reached XP level 10. HP: 91/91 MP: 13/13
  5879 | D:7      | Noticed KittyFluff's ghost (novice GrBe)
  6085 | D:7      | Killed KittyFluff's ghost
  6127 | D:8      | Noticed Psyche
  6135 | D:8      | Killed Psyche
  6188 | D:8      | Found a runed translucent gate.
  6188 | D:8      | Found a runed translucent gate.
  6188 | D:8      | Found a runed translucent gate.
  6194 | D:8      | Noticed Jaukkuri's ghost (novice DEAr)
  6398 | D:8      | Found a staircase to the Lair.
  6419 | D:8      | Reached skill level 10 in Fighting
  6433 | D:8      | Reached skill level 12 in Dodging
  6481 | D:8      | Found a shimmering altar of Xom.
  6735 | D:8      | Reached *** piety under Qazlal
  7457 | D:9      | Noticed a cane toad
  7458 | D:9      | Noticed a centaur warrior
  7460 | D:9      | a cane toad changed into a harpy
  7460 | D:9      | Noticed a harpy (shapeshifter)
  7462 | D:9      | Killed a centaur warrior
  7464 | D:9      | a harpy changed into a hornet
  7464 | D:9      | Noticed a deep elf pyromancer
  7469 | D:9      | Noticed a red ugly thing
  7474 | D:9      | a basilisk changed into a harpy
  7474 | D:9      | Noticed a harpy (shapeshifter)
  7478 | D:9      | Slain by a large slime creature

Illustrated notes

Levels and vault maps discovered:
D:1:      ncdulo_halloftheorcs, layout_loops_cross, minmay_ruptured
D:2:      layout_rooms, basic_altar, wad_orctagon
D:3:      layout_basic, mainiacjoe_overflow_boulevard, uniq_robin
D:4:      layout_basic, kennysheep_little_box, tso_altar, vehumet_altar_wand_db,
          lemuel_zombie_altar_yredelemnul, minmay_temple_entry_junction
D:5:      layout_basic, nemelex_xobeh_ov_fountains_minmay,
          grunt_ashenzari_visionary [grunt_ashenzari_visionary_swamp,
          grunt_ashenzari_visionary_spider], enter_ossuary_4, uniq_menkaure,
          uniq_duvessa
D:6:      layout_basic, cheibrodos_sewer_entry_bend, serial_shops,
          nicolae_shop_window_shopping
D:7:      layout_cave_pools, hellmonk_ghost_happy_afterlife, uniq_pikel
D:8:      layout_loops_corners, xom_butterflies, due_lair_maze_entry_diamond,
          gammafunk_ghost_spectres, uniq_psyche
D:9:      layout_basic, special_room [special_room_orc], minivault_28
Temple:   nicolae_temple_godzebo

Skill      XL: |  1  2  3  4  5  6  7  8  9 10 |
---------------+-------------------------------+-----
Dodging        | 1 2 3 4 5 7 9 11 12 | 12.8
Armour         | 4 5 |  5.3
Fighting       | 4 5 6 7 9 10 | 10.7
Invocations    | 1 2 4 6 7 |  7.6
Axes           | |  2.4
Shields        | |  3.6

Action                     |  1- 3 |  4- 6 |  7- 9 | 10-12 || total
---------------------------+-------+-------+-------+-------++-------
  Melee: War axe           |    79 |   142 |   246 |   120 ||   587
         Headbutt          |     5 |    21 |    58 |    14 ||    98
  Evoke: Wand              |       |       |     4 |       ||     4
    Use: Scroll            |     2 |    12 |     5 |     1 ||    20
         Potion            |       |     3 |     1 |     6 ||    10
 Armour: Scale mail        |    62 |    31 |    30 |       ||   123
         Plate armour      |       |       |       |    27 ||    27
  Dodge: Dodged            |    73 |   148 |   195 |    84 ||   500
  Block: Buckler           |    29 |    31 |    31 |       ||    91
         Kite shield       |       |       |   189 |   143 ||   332
         Reflection        |       |       |     4 |     6 ||    10
